 Dungeon Crawl Stone Soup version 0.17-a0-1748-g222fba8 (webtiles) character file.

6633 kroki the Cleaver (level 10, -2/126 HPs)
             Began as a Centaur Berserker on Sept 1, 2015.
             Was a High Priest of Trog.
             Slain by a warg (7 damage)
             ... on level 8 of the Dungeon.
             The game lasted 00:13:24 (10361 turns).

kroki the Cleaver (Centaur Berserker)              Turns: 10361, Time: 00:13:24

Health: -2/126     AC: 25    Str: 14    XL:     10   Next: 72%
Magic:  10/10      EV:  1    Int: 14    God:    Trog [*****.]
Gold:   647        SH:  0    Dex: 13    Spells: 0 memorised, 9 levels left

rFire  + . .     SeeInvis .     f - +2 hand axe (venom)
rCold  + + .     Clarity  .     (armour currently unavailable)
rNeg   + + +     SustAt   .     (no shield)
rPois  +         Gourm    .     (helmet currently unavailable)
rElec  .         Spirit   .     (cloak currently unavailable)
rCorr  .         Warding  .     (gloves currently unavailable)
rMut   .         NoTele   +     (no barding)
MR     .....                    (no amulet)
Stlth  +.........               y - ring "Zesegex" {rF+ rC++ Str-5 Int+8}
                                A - ring of flight {+Fly, !d}

@: exhausted, tree-form, slowed, very slow, not resistant to hostile
enchantments, very unstealthy
A: (hooves 0), (deformed body), (speed 0), (tough skin 0)
a: Burn Spellbooks, Berserk, Trog's Hand, Brothers in Arms, Renounce Religion


You were on level 8 of the Dungeon.
You worshipped Trog.
Trog was extremely pleased with you.
You were not hungry.
You were a tree.
You visited 1 branch of the dungeon, and saw 8 of its levels.
You also visited: Bailey.

You collected 647 gold pieces.

Inventory:

Hand weapons
 a - a +0 hand axe
 f - a +2 hand axe of venom (weapon)
   (You found it on level 1 of the Dungeon)
 r - a +0 arbalest
   (You took it off an orc warrior in a bailey)
 C - a +0 war axe
   (You found it on level 7 of the Dungeon)
Missiles
 w - 60 bolts
Armour
 b - a +0 cloak of invisibility (melded)
   (You took it off Crazy Yiuf on level 5 of the Dungeon)
 m - a +1 helmet (melded)
   (You found it on level 2 of the Dungeon)
 s - a +0 plate armour
   (You found it on level 6 of the Dungeon)
 u - the +2 ring mail "Nogais" (melded) {Int+4}
   (You found it on level 4 of the Dungeon)

   It affects your intelligence (+4).
Jewellery
 y - the ring "Zesegex" (right branch) {rF+ rC++ Str-5 Int+8}
   (You found it on level 6 of the Dungeon)

   [ring of protection from fire]

   It affects your strength (-5).
   It affects your intelligence (+8).
   It protects you from fire.
   It greatly protects you from cold.
 A - a ring of flight (left branch) {+Fly, !d}
   (You found it on level 7 of the Dungeon)
Magical devices
 z - a wand of flame (16)
   (You found it in a bailey)
 D - a wand of paralysis (3)
   (You found it on level 8 of the Dungeon)
Scrolls
 g - a scroll of random uselessness
 h - a scroll of remove curse
 j - 4 scrolls of magic mapping {!r}
 p - 2 scrolls of enchant armour
 v - a scroll of identify
 x - a scroll of fear
Potions
 d - a potion of might
 e - 3 potions of curing
 i - a potion of poison {!q}
 n - 2 potions of cancellation
 o - 2 potions of haste
 t - 2 potions of brilliance
Miscellaneous
 l - a sack of spiders
   (You found it in a bailey)
Comestibles
 c - 6 bread rations {@e1}
 q - 2 meat rations {@e2}
 B - 6 royal jellies


   Skills:
 + Level 6.5 Fighting
 + Level 12.0 Axes
 + Level 4.5 Armour
 + Level 4.6 Dodging


You had 9 spell levels left.
You didn't know any spells.

Dungeon Overview and Level Annotations

Branches:
Dungeon (8/15)             Temple (0/1) D:4
   Lair: D:8-11

Altars:
Ashenzari
Dithmenos
Elyvilon
Fedhas
Gozag
Kikubaaqudgha
Nemelex Xobeh
Qazlal
Ru
Sif Muna
Trog
Xom
Yredelemnul
Zin

Shops:
D:6 (


Innate Abilities, Weirdness & Mutations

((You have hooves in place of feet.))
((Armour fits poorly on your strangely shaped body.))
((You cover ground very quickly.))
((You have extremely tough skin (AC +3).))


Message History

Unknown command.
The orc shouts!
You hear a shout!
The warg bites you but does no damage.
You hit the warg.
The warg looks even sicker.
Your kick misses the warg. You completely miss the warg. You hit the orc.
The orc is poisoned.
The warg bites you. The orc hits you but does no damage.
You are poisoned.
You take 5 damage, and have 31/84 hp.
You hit the orc.
You kill the orc!
Trog accepts your kill.
You closely miss the warg.
You feel sick. The warg bites you but does no damage.
You take 1 damage, and have 30/84 hp.
You hit the warg but do no damage. Your kick misses the warg.
The warg bites you!
* * * LOW HITPOINT WARNING * * *
A hound comes into view.
You take 7 damage, and have 23/84 hp.
You hit the warg.
The warg looks even sicker.
You feel sick. The warg bites you but does no damage.
You slash the warg! The warg bites you but does no damage.
Unknown command.
A red film seems to cover your vision as you go berserk!
You feel yourself moving faster!
You feel mighty!
You feel somewhat more hungry. The warg bites you!
* * * LOW HITPOINT WARNING * * *
You now have 27/126 hp.
You slash the warg!
You kill the warg!
Trog accepts your kill.
You feel sick.
You take 1 damage, and have 26/126 hp.
You slash the hound!
The hound is poisoned.
You kick the hound. The hound misses you.
You slash the hound!
You kill the hound!
Trog accepts your kill.
An orc comes into view. It is wielding a hand axe.
You feel a strong urge to attack something.
You feel your anger subside.
You feel sick.
You take 1 damage, and have 26/126 hp.
Unknown command.
You are no longer berserk.
You are exhausted.
You feel yourself slow down.
You are feeling hungry.
You now have 18/84 hp.
You are feeling very hungry.
You feel sick.
You take 1 damage, and have 18/84 hp.
You feel sick.
You take 1 damage, and have 18/84 hp.
You start resting.
You feel sick. x2
You are no longer poisoned.
You start resting.
A warg comes into view.
A warg is nearby!
Unknown command.
The warg howls!
Eat which item? (? for menu, Esc to quit)
You continue eating.
The warg bites you!
* * * LOW HITPOINT WARNING * * *
The warg bites you.
* * * LOW HITPOINT WARNING * * *
You continue eating.
The warg bites you.
* * * LOW HITPOINT WARNING * * *
The warg bites you.
* * * LOW HITPOINT WARNING * * *
You finish eating.
That royal jelly was delicious!
You take 19 damage, and have 1/84 hp.
MASSIVE DAMAGE!!
Drink which item? (? for menu, Esc to quit)
You feel better. The warg closely misses you. The warg barely misses you.
You regained 8 hp, and now have 9/84 hp.
Drink which item? (? for menu, Esc to quit)
Really quaff
k - a potion of lignification {!q}?
You turn into a tree.
Your +0 cloak of invisibility melds into your body.
Your +1 helmet melds into your body.
The +2 ring mail "Nogais" {Int+4} melds into your body.
Your roots penetrate the ground.
The warg bites you but does no damage. The warg bites you but does no damage.
You now have 14/126 hp.
Unknown command.
You closely miss the warg. The warg bites you but does no damage.
The warg bites you but does no damage.
You hit the warg but do no damage. The warg bites you but does no damage.
You slash the warg! The warg bites you but does no damage.
You hit the warg. The warg bites you.
* * * LOW HITPOINT WARNING * * *
The warg bites you!
* * * LOW HITPOINT WARNING * * *
You take 10 damage, and have 5/126 hp.
You barely miss the warg. The warg bites you!
You die...

..#..†...#...>.....#
#..# #..
.........###..##.###
#..###.. ##.......#
#...#.# #..#....
.#.####### ##..#.#
#..'.... .#.#
#..#.#########(##....
...##
##.#.#.........##....
....#
#.#.#.........###...
#.#.#
#...#...........#...
..#.#
#..♣#...........#...
###.#
##.h................
....#
#.....####......#..
..###
#....###.###.......
.).#
#...#.#.#.#.....##.
...#
#####..###.#.#.##).....
...#
#......#..#.#.#.#.####.
...#
#[.....###)#.#.##....##
#)##
#......##.#.#.###).#)#


You could see a warg.

Vanquished Creatures
  2 orc knights (Bailey)
  Pikel (D:5)
  A queen bee (D:8)
  Grinder (D:4)
  7 wargs (D:8)
  A sky beast (D:7)
  An ice beast (D:7)
  2 slaves (D:5)
  10 orc warriors
  4 ogres
  6 centaurs
  2 giant frogs
  A scorpion (D:4)
  6 wights
  16 killer bees (D:8)
  5 crimson imps
  2 jellies
  A giant frog zombie (D:7)
  A centaur skeleton (D:4)
  A giant frog skeleton (D:8)
  Crazy Yiuf (D:5)
  A gnoll shaman (D:6)
  5 hounds
  3 orc priests
  3 iguanas
  7 worker ants
  A hound zombie (D:5)
  2 adders
  3 gnolls (D:4)
  2 shadow imps
  An ooze (D:1)
  3 worms
  2 adder skeletons
  An adder zombie (D:8)
  A giant gecko (D:4)
  27 orcs
  A ball python (D:4)
  10 giant cockroaches
  2 gnoll zombies (D:3)
  8 goblins
  4 hobgoblins
  11 jackals
  4 bats
  A giant cockroach zombie (D:6)
  5 giant newts
  9 kobolds
  2 quokkas
  A quokka zombie (D:5)
  6 rats
198 creatures vanquished.

Vanquished Creatures (others)
  A jackal zombie (D:5)
  2 plants (D:8)
3 creatures vanquished.

Grand Total: 201 creatures vanquished

Notes
Turn   | Place    | Note
--------------------------------------------------------------
     0 | D:1      | kroki the Centaur Berserker began the quest for the Orb.
     0 | D:1      | Reached XP level 1. HP: 19/19 MP: 1/1
    67 | D:1      | Reached skill level 3 in Axes
   273 | D:1      | Reached XP level 2. HP: 21/26 MP: 2/2
  1289 | D:2      | Acquired Trog's second power
  1289 | D:2      | Reached XP level 3. HP: 22/31 MP: 3/3
  1409 | D:2      | Reached skill level 4 in Axes
  1618 | D:2      | Found a deep blue altar of Sif Muna.
  2231 | D:3      | Found a bloodstained altar of Trog.
  2449 | D:3      | Found a basalt altar of Yredelemnul.
  2488 | D:3      | Reached XP level 4. HP: 38/38 MP: 4/4
  2587 | D:3      | Found a sparkling altar of Nemelex Xobeh.
  2597 | D:3      | Found an opulent altar of Gozag.
  2764 | D:4      | Noticed Grinder
  2770 | D:4      | Killed Grinder
  2770 | D:4      | Reached skill level 6 in Axes
  2770 | D:4      | Reached XP level 5. HP: 45/45 MP: 5/5
  2770 | D:4      | Reached XP level 6. HP: 51/51 MP: 6/6
  3047 | D:4      | Got a warped ring mail
  3092 | D:4      | Found a staircase to the Ecumenical Temple.
  3127 | D:4      | Identified the +2 ring mail "Nogais" {Int+4} (You found it on level 4 of the Dungeon)
  3177 | D:4      | Reached skill level 7 in Axes
  3374 | D:4      | Reached XP level 7. HP: 57/57 MP: 7/7
  3590 | D:4      | Found a shimmering altar of Xom.
  3681 | D:5      | Entered Level 5 of the Dungeon
  4060 | D:5      | Found a stormy altar of Qazlal.
  4159 | D:5      | Noticed Pikel
  4163 | D:5      | Reached skill level 8 in Axes
  4172 | D:5      | Killed Pikel
  4172 | D:5      | Reached skill level 9 in Axes
  4172 | D:5      | Reached XP level 8. HP: 63/63 MP: 8/8
  4856 | D:5      | Noticed Crazy Yiuf
  4860 | D:5      | Killed Crazy Yiuf
  4966 | D:6      | Reached skill level 10 in Axes
  5671 | D:6      | Found a sparkling altar of Nemelex Xobeh.
  5715 | D:6      | Found Telloi's Antique Weapon Shoppe.
  5759 | D:6      | Got a coiled jade ring
  5813 | D:6      | Identified the ring "Zesegex" {rF+ rC++ Str-5 Int+8} (You found it on level 6 of the Dungeon)
  5992 | D:7      | Reached skill level 11 in Axes
  5992 | D:7      | Reached XP level 9. HP: 53/69 MP: 9/9
  6044 | D:7      | Found a flagged portal.
  6090 | Bailey   | Entered a bailey
  6090 | Bailey   | Noticed an orc knight
  6093 | Bailey   | Noticed an orc knight
  6185 | Bailey   | Reached skill level 2 in Armour
  6185 | Bailey   | Reached skill level 2 in Dodging
  6406 | Bailey   | Killed an orc knight
  6406 | Bailey   | Reached skill level 4 in Fighting
  6482 | Bailey   | Killed an orc knight
  6482 | Bailey   | Reached skill level 3 in Armour
  6482 | Bailey   | Reached skill level 3 in Dodging
  6513 | Bailey   | Reached skill level 5 in Fighting
  6856 | D:7      | Acquired Trog's third power
  7244 | D:7      | Reached XP level 10. HP: 58/81 MP: 10/10
  7705 | D:7      | Found a blossoming altar of Fedhas.
  7707 | D:7      | Found an ancient bone altar of Kikubaaqudgha.
  7817 | D:7      | Found a shattered altar of Ashenzari.
  7822 | D:7      | Found a white marble altar of Elyvilon.
  7822 | D:7      | Found a sacrificial altar of Ru.
  7822 | D:7      | Found a glowing silver altar of Zin.
  7891 | D:7      | Found a stormy altar of Qazlal.
  7895 | D:7      | Found a shadowy altar of Dithmenos.
  8775 | D:8      | Reached skill level 4 in Dodging
  8905 | D:8      | Reached skill level 4 in Armour
  9020 | D:8      | HP: 16/83 [killer bee (5)]
  9023 | D:8      | HP: 6/83 [killer bee (5)]
  9059 | D:8      | Reached skill level 6 in Fighting
  9090 | D:8      | HP: 20/83 [killer bee (1)]
  9096 | D:8      | HP: 12/83 [poisoned by a killer bee]
  9101 | D:8      | HP: 13/83 [poisoned by a killer bee]
  9107 | D:8      | HP: 16/83 [poisoned by a killer bee]
  9946 | D:8      | Reached skill level 12 in Axes
 10284 | D:8      | Noticed an orc knight
 10325 | D:8      | HP: 27/126 [warg (7)]
 10332 | D:8      | HP: 26/126 [poisoned by an orc]
 10340 | D:8      | HP: 18/84 [poisoned by an orc]
 10345 | D:8      | HP: 18/84 [poisoned by an orc]
 10353 | D:8      | HP: 10/84 [warg (10)]
 10354 | D:8      | HP: 1/84 [warg (4)]
 10360 | D:8      | HP: 12/126 [warg (3)]
 10360 | D:8      | HP: 5/126 [warg (7)]
 10361 | D:8      | Slain by a warg

Vault maps used:
D:1:      dpeg_arrival_rhombi, minmay_ruptured
D:2:      lemuel_blue_sif_altar
D:3:      grunt_temple_overflow_opulence, lemuel_zombie_altar_yredelemnul,
          first_bread, kennysheep_doodads, trog_book
D:4:      lemuel_doored_altar, minmay_temple_entry_trees, uniq_grinder
D:5:      basic_altar, fountainhead, uniq_crazy_yiuf_cottage, uniq_pikel
D:6:      serial_shops, kennysheep_little_box, nemelex_diamond_rough_becter
D:7:      grunt_temple_overflow_growth_and_decay, minmay_overflow_temple_hex,
          enter_bailey_2
D:8:      lemuel_castle_with_subvaults, david_nohive_1
Bailey:   bailey_polearm_4, bailey

Action                   |  1- 3 |  4- 6 |  7- 9 | 10-12 || total
-------------------------+-------+-------+-------+-------++-------
Melee: Hand axe          |   117 |    65 |   194 |   262 ||   638
       War axe           |       |       |    16 |       ||    16
 Fire: Arbalest          |       |       |    53 |       ||    53
Invok: Berserk           |     1 |     2 |     8 |     4 ||    15
       Trog's Hand       |       |     1 |       |     2 ||     3
       Burn Spellbooks   |       |       |     1 |       ||     1
 Abil: Evoke Flight      |       |       |     1 |       ||     1
  Use: Scroll            |     7 |     4 |     7 |       ||    18
       Potion            |       |       |       |     4 ||     4
  Eat: Chunk             |     3 |     5 |    10 |     6 ||    24
       Royal jelly       |       |       |     1 |     1 ||     2
       Beef jerky        |       |       |     1 |       ||     1
       Pizza             |       |       |     1 |     1 ||     2
       Bread ration      |       |       |     1 |       ||     1
       Meat ration       |       |       |       |     1 ||     1

Vault maps used:
D:1:      dpeg_arrival_rhombi, minmay_ruptured
D:2:      lemuel_blue_sif_altar
D:3:      grunt_temple_overflow_opulence, lemuel_zombie_altar_yredelemnul,
          first_bread, kennysheep_doodads, trog_book
D:4:      lemuel_doored_altar, minmay_temple_entry_trees, uniq_grinder
D:5:      basic_altar, fountainhead, uniq_crazy_yiuf_cottage, uniq_pikel
D:6:      serial_shops, kennysheep_little_box, nemelex_diamond_rough_becter
D:7:      grunt_temple_overflow_growth_and_decay, minmay_overflow_temple_hex,
          enter_bailey_2
D:8:      lemuel_castle_with_subvaults, david_nohive_1
Bailey:   bailey_polearm_4, bailey

Table legend:
 A = Turns spent in this place as a percentage of turns spent in the entire game.
 B = Non-inter-level travel turns spent in this place as a percentage of non-inter-level travel turns spent in the entire game.
 C = Inter-level travel turns spent in this place as a percentage of turns spent in this place.
 D = Turns resting spent in this place as a percentage of non-inter-level travel turns spent in this place.
 E = Turns spent auto-exploring this place as a percentage of non-inter-level travel turns spent in this place.
 F = Non-inter-level travel turns spent in this place divided by the number of levels of this place that you've seen.
                   A       B       C       D       E      F
               +-------+-------+-------+-------+-------+----------------------
         Total | 100.0 | 100.0 |   0.4 |   4.4 |   7.7 | 364.4
       Dungeon |  91.4 |  91.4 |   0.4 |   4.3 |   8.3 | 374.6
        Bailey |   8.6 |   8.6 |   0.0 |   5.3 |   0.4 | 283.0
               +-------+-------+-------+-------+-------+----------------------

Table legend:
 A = Kills in this place as a percentage of kills in entire the game.
 B = Kills by you in this place as a percentage of kills by you in the entire game.
 C = Kills by friends in this place as a percentage of kills by friends in the entire game.
 D = Other kills in this place as a percentage of other kills in the entire game.
 E = Experience gained in this place as a percentage of experience gained in the entire game.
 F = Experience gained in this place divided by the number of levels of this place that you have seen.
                   A       B       C       D       E      F
               +-------+-------+-------+-------+-------+----------------------
         Total | 100.0 | 100.0 |  -nan |  -nan | 100.0 | 1052.9
       Dungeon |  91.8 |  91.8 |  -nan |  -nan |  75.1 | 889.8
        Bailey |   8.2 |   8.2 |  -nan |  -nan |  24.9 | 2358.0
               +-------+-------+-------+-------+-------+----------------------
